 Dungeon Crawl Stone Soup version 0.17-a0-1485-g22cb0ee (webtiles) character file.

187832 urechis the Warrior (level 18, -3/123 HPs)
             Began as a Gargoyle Fighter on July 5, 2015.
             Was the Champion of Okawaru.
             Killed by divine providence
             ... invoked by an orc high priest
              (16 damage)
             ... on level 4 of the Orcish Mines.
             The game lasted 02:05:12 (30170 turns).

urechis the Warrior (Gargoyle Fighter)             Turns: 30170, Time: 02:05:12

Health: -3/123     AC: 43    Str: 24    XL:     18   Next: 8%
Magic:  21/21      EV:  7    Int:  9    God:    Okawaru [******]
Gold:   855        SH: 12    Dex: 22    Spells: 0 memorised, 17 levels left

rFire  . . .     SeeInvis +     b - +1 eveningstar (freeze)
rCold  . . .     Clarity  +     Z - +4 plate armour {MR+}
rNeg   + . .     SustAt   .     n - +3 buckler of True Grit {Dex+7}
rPois  ∞         Gourm    .     U - +2 hat
rElec  +         Spirit   .     x - +1 cloak
rCorr  .         Warding  .     c - +0 pair of gloves of Cunoaq {rElec Str+2}
rMut   .         Stasis   .     Y - +2 pair of boots {run}
MR     +++..                    h - amulet of clarity
Stlth  ..........               y - ring of see invisible
                                j - ring of protection from magic

@: very slightly contaminated, hasted, drained, invisible, very quick, extremely
resistant to hostile enchantments, extremely unstealthy
A: big wings, low mp 1, negative energy resistance 1, electricity resistance,
unbreathing, petrification resistance, rot immunity, AC +13
a: Fly, Heroism, Finesse, Renounce Religion
}: 1/15 runes: serpentine


You were on level 4 of the Orcish Mines.
You worshipped Okawaru.
Okawaru was exalted by your worship.
You were very hungry.

You visited 5 branches of the dungeon, and saw 31 of its levels.
You also visited: Sewer, Ossuary and Ice Cave.

You collected 2621 gold pieces.
You spent 1766 gold pieces at shops.

Inventory:

Hand weapons
 a - a +7 demon whip of electrocution
 b - a +1 eveningstar of freezing (weapon)
Armour
 c - the +0 pair of gloves of Cunoaq (worn) {rElec Str+2}
   (You acquired it on level 3 of the Snake Pit)

   It affects your strength (+2).
   It insulates you from electricity.
 n - the +3 buckler of True Grit (worn) {Dex+7}
   (You found it in an ice cave)

   It affects your dexterity (+7).
 x - a +1 cloak (worn)
 U - a +2 hat (worn)
 Y - a +2 pair of boots of running (worn)
 Z - a +4 plate armour of magic resistance (worn)
Jewellery
 h - an amulet of clarity (around neck)
 j - a ring of protection from magic (left hand)
 y - a ring of see invisible (right hand)
Magical devices
 F - a wand of teleportation (3)
 W - a wand of hasting (3)
Scrolls
 f - 9 scrolls of teleportation
 m - a scroll of enchant armour
 p - 21 scrolls of remove curse
 s - 3 scrolls of recharging
 t - 4 scrolls of fog
 B - 4 scrolls of blinking
 L - 4 scrolls of magic mapping
 V - 5 scrolls of fear
Potions
 d - 3 potions of might
 r - a potion of invisibility
 v - 2 potions of magic
 w - 2 potions of haste
 z - 9 potions of curing
 C - 2 potions of resistance {unknown}
 D - 3 potions of berserk rage
 E - a potion of agility
 I - 3 potions of brilliance
 K - 4 potions of cancellation
 M - 3 potions of cure mutation {unknown}
Comestibles
 e - 13 bread rations
 i - 7 meat rations
 u - 5 fruits
 O - 3 slices of pizza
 S - 14 beef jerkies


   Skills:
 + Level 17.0(16.7) Fighting
 - Level 16.0(15.7) Maces & Flails
 - Level 14.0(13.8) Armour
 + Level 16.3(16.1) Shields
 - Level 8.0(7.8) Invocations
 - Level 8.0(7.8) Evocations


You had 17 spell levels left.
You didn't know any spells.

Dungeon Overview and Level Annotations

Branches:
Dungeon (14/15)            Temple (1/1) D:5            Lair (8/8) D:9
 Shoals (0/4) Lair:6        Snake (4/4) Lair:6       Spider (0/4) Lair:6
  Slime (0/6) Lair:7          Orc (4/4) D:12            Elf (0/3) Orc:4
 Vaults: D:13-14

Altars:
Ashenzari
Cheibriados
Dithmenos
Elyvilon
Fedhas
Gozag
Kikubaaqudgha
Makhleb
Nemelex Xobeh
Okawaru
Qazlal
Ru
Sif Muna
Trog
Vehumet
Xom
Yredelemnul
Zin
The Shining One
Beogh
Jiyva

Shops:
D:7 !   Orc:1 %   Orc:4 :   Snake:2 [   Snake:4 [(:

Portals:
Hell: Lair:8


Innate Abilities, Weirdness & Mutations

You are resistant to torment.
Your stone body is resilient (AC +13).
You are immune to poison.
Your large and strong wings let you fly indefinitely.
You resist negative energy.
You are resistant to electric shocks.
You can survive without breathing.
You are immune to petrification.
You are immune to rotting.
Your magical capacity is low (-10% MP).


Message History

* * * LOW HITPOINT WARNING * * *
An orc comes into view.
Your hands slow down.
The orc shouts!
The orc sorcerer casts a spell.
The orange demon screeches!
Drink which item? (? for menu, Esc to quit)
You feel better.
The orange demon screeches!
The orc sorcerer gestures at the surrounding area while chanting.
The dead are walking!
You block the orc high priest's attack.
An orc skeleton comes into view. It is wielding a club.
Drink which item? (? for menu, Esc to quit)
You feel yourself speed up.
The orange demon screeches!
The orc sorcerer points at you and mumbles some strange words.
You resist with almost no effort.
The orc high priest calls down the wrath of Beogh upon you.
Something smites you!
You die...

##### #..o...........#. #.#.##
#..o.4o......... #....#
#....o.#........ #####...##
##.oo........... ##........##
#......#........ ##..........#
#.o....o........ . #..........##
##....Z......... . ............##
##...##......... .
#............###@....))........
#..............#....)).)....#..
......[............[#.........###
.....[..............#.........#∩.
.....).............##.......###..
.......##.))[...(.####.....## #.
.....#####.)).....#.###.#...# #
.....# ##))<........#...#.##
.....# #.)))........##.####


You could see an orc knight, an orc high priest, an orange demon, an orc
sorcerer, 2 orc warriors, 2 orcs and an orc skeleton (wandering).

Vanquished Creatures
  Vashnia (Snake:4)
  Gastronok (Lair:2)
  5 greater nagas
  2 orc warlords
  Maud (Lair:8)
  Aizul (Snake:2)
  Nessos (D:12)
  A dire elephant (Lair:8)
  A salamander stormcaller (D:9)
  Josephine (D:11)
  14 naga warriors
  3 hydras
  A catoblepas (Lair:3)
  A centaur warrior (D:14)
  26 anacondas
  Urug (D:11)
  15 naga sharpshooters
  10 shock serpents
  An ice devil (IceCv)
  3 salamander mystics
  2 unseen horrors
  A sun demon (Lair:8)
  12 naga ritualists
  3 ice statues (IceCv)
  Pikel (D:6)
  The ghost of Oddysee the Basher, an experienced DrBe of Trog (D:6)
  A hill giant (D:10)
  A necromancer (IceCv)
  6 griffons
  11 mana vipers
  An orc knight (Orc:4)
  A sixfirhy (Lair:8)
  An ugly thing (D:11)
  An oklob plant (Snake:1)
  15 salamanders
  A wizard (Lair:8)
  A manticore (Lair:6)
  2 orc sorcerers
  The ghost of emikaela the Twirler, an experienced OpWn of Nemelex Xobeh (D:7)
  16 naga magi
  2 orange demons (Lair:8)
  48 black mambas
  11 elephants
  Psyche (D:8)
  3 fire drakes
  A torpor snail (Lair:5)
  10 guardian serpents (Snake:4)
  14 spiny frogs
  8 komodo dragons
  A hellwing (Lair:8)
  2 red devils (Lair:8)
  6 trolls
  9 blue devils
  6 polar bears
  3 slime creatures (D:12)
  26 blink frogs
  A two-headed ogre (D:10)
  3 wyverns
  3 deep elf magi
  4 wraiths (D:11)
  3 shadows
  Grum (D:9)
  2 hungry ghosts
  8 hippogriffs
  69 yaks
  56 nagas
  5 vampire mosquitoes (D:12)
  17 wolves
  2 wargs
  2 deep elf fighters
  16 water moccasins
  12 orc warriors
  12 porcupines
  An eye of draining (D:9)
  2 hell hounds (Lair:8)
  7 black bears
  8 ogres
  A phantom (D:9)
  2 sky beasts
  The ghost of Multipenetrator the Skirmisher, an average MiGl (Sewer)
  8 centaurs
  4 ice beasts
  18 crocodiles
  A big kobold (D:10)
  A wyvern skeleton (D:14)
  16 giant frogs
  6 scorpions
  3 killer bees (D:10)
  2 electric eels (Snake:1)
  5 crimson imps
  2 giant frog zombies
  A centaur zombie (D:11)
  14 hounds
  2 giant frog skeletons
  20 orc priests
  36 orc wizards
  3 draconian simulacra (IceCv)
  Crazy Yiuf (D:4)
  10 iguanas
  A jelly (D:8)
  A centaur skeleton (D:4)
  Natasha (thrice) (D:4)
  3 troll simulacra (IceCv)
  7 worker ants
  A big kobold zombie (Ossuary)
  7 sheep
  2 centaur simulacra (IceCv)
  A killer bee zombie (D:8)
  2 hound skeletons
  8 mummies (Ossuary)
  2 worker ant zombies (D:8)
  13 adders
  2 naga simulacra (IceCv)
  64 river rats
  A shadow imp (D:5)
  12 white imps (Lair:7)
  3 oozes
  4 adder skeletons
  4 worms
  141 orcs
  2 ball pythons
  33 bats
  A bat skeleton (D:6)
  6 giant cockroaches
  2 gnoll zombies (Ossuary)
  19 goblins
  16 hobgoblins
  3 quokkas
  7 giant geckos
  A giant gecko skeleton (D:4)
  A giant gecko zombie (D:9)
  3 giant newts
  3 hobgoblin zombies (Ossuary)
  35 kobolds
  A kobold zombie (Ossuary)
  An orc zombie (Ossuary)
  18 rats
  2 bushes (D:1)
  A plant (Lair:7)
1148 creatures vanquished.

Vanquished Creatures (others)
  A sky beast (D:10)
  A crimson imp (D:6)
  An iguana (D:6)
  An orc wizard (D:12)
  An adder (D:12)
  A hobgoblin (D:6)
  2 fire vortices (D:9)
  17 fungi
  4 plants (Snake:1)
29 creatures vanquished.

Grand Total: 1177 creatures vanquished

Notes
Turn   | Place    | Note
--------------------------------------------------------------
     0 | D:1      | urechis the Gargoyle Fighter began the quest for the Orb.
     0 | D:1      | Reached XP level 1. HP: 14/14 MP: 1/1
   216 | D:1      | Reached XP level 2. HP: 12/19 MP: 2/2
   542 | D:1      | Reached XP level 3. HP: 21/24 MP: 3/3
   910 | D:2      | Reached skill level 4 in Fighting
   911 | D:2      | Found a faded altar to an unknown god.
  1102 | D:2      | Found an iron altar of Okawaru.
  1154 | D:2      | Became a worshipper of Warmaster Okawaru
  1183 | D:2      | Reached XP level 4. HP: 29/29 MP: 4/4
  1438 | D:2      | Found a bloodstained altar of Trog.
  1661 | D:3      | Found a shattered altar of Ashenzari.
  1911 | D:3      | Reached XP level 5. HP: 31/34 MP: 5/5
  2234 | D:4      | Found a white marble altar of Elyvilon.
  2237 | D:4      | Found a sparkling altar of Nemelex Xobeh.
  2238 | D:4      | Found an ancient bone altar of Kikubaaqudgha.
  2487 | D:4      | Found a glowing drain.
  2494 | Sewer    | Entered a sewer
  2730 | Sewer    | Noticed Multipenetrator's ghost (average MiGl)
  2780 | Sewer    | Killed Multipenetrator's ghost
  2780 | Sewer    | Reached skill level 5 in Fighting
  2780 | Sewer    | Reached skill level 5 in Maces & Flails
  2780 | Sewer    | Reached XP level 6. HP: 10/40 MP: 6/6
  3547 | D:4      | Noticed Crazy Yiuf
  3552 | D:4      | Killed Crazy Yiuf
  3552 | D:4      | Acquired Okawaru's first power
  3661 | D:4      | Noticed Natasha
  3669 | D:4      | Killed Natasha
  3955 | D:4      | Found a sparkling altar of Nemelex Xobeh.
  3957 | D:4      | Found an ancient bone altar of Kikubaaqudgha.
  3957 | D:4      | Found a white marble altar of Elyvilon.
  4120 | D:4      | Noticed Natasha
  4131 | D:4      | Killed Natasha
  4138 | D:4      | Noticed Natasha
  4150 | D:4      | Killed Natasha
  4378 | D:5      | Entered Level 5 of the Dungeon
  4501 | D:5      | Reached XP level 7. HP: 44/44 MP: 7/7
  4524 | D:5      | Reached skill level 6 in Maces & Flails
  4568 | D:5      | Found a staircase to the Ecumenical Temple.
  4577 | Temple   | Entered the Ecumenical Temple
  5553 | D:6      | Noticed Oddysee's ghost (experienced DrBe)
  5571 | D:6      | Killed Oddysee's ghost
  5571 | D:6      | Reached skill level 7 in Fighting
  5571 | D:6      | Reached skill level 8 in Maces & Flails
  5571 | D:6      | Reached XP level 8. HP: 22/53 MP: 8/8
  6298 | D:6      | Found a glowing golden altar of the Shining One.
  6307 | D:6      | Noticed Pikel
  6335 | D:6      | Killed Pikel
  6335 | D:6      | Reached skill level 9 in Maces & Flails
  6335 | D:6      | Reached XP level 9. HP: 41/59 MP: 9/9
  6995 | D:7      | Found a sand-covered staircase.
  7005 | Ossuary  | Entered an ossuary
  7277 | D:7      | Reached skill level 10 in Maces & Flails
  7351 | D:7      | Noticed emikaela's ghost (experienced OpWn)
  7371 | D:7      | Killed emikaela's ghost
  7414 | D:7      | Found a snail-covered altar of Cheibriados.
  7418 | D:7      | Found Aliar's Distillery.
  7952 | D:8      | Noticed Psyche
  7972 | D:8      | Paralysed by something for 4 turns
  7990 | D:8      | Killed Psyche
  7990 | D:8      | Reached skill level 11 in Maces & Flails
  8070 | D:8      | Gained mutation: Your magical capacity is low (-10% MP). [mutagenic glow]
  8100 | D:8      | Found a huge runed gate.
  8101 | D:8      | Found a huge runed gate.
  8102 | D:8      | Found a huge runed gate.
  8103 | D:8      | Found a huge runed gate.
  8103 | D:8      | Noticed a griffon
  8103 | D:8      | Noticed a griffon
  8186 | D:8      | Reached XP level 10. HP: 64/66 MP: 9/9
  8335 | D:8      | Found a glowing silver altar of Zin.
  8737 | D:9      | Found a large runed door.
  8737 | D:9      | Found a large runed door.
  8771 | D:9      | Found a large runed door.
  8771 | D:9      | Found a large runed door.
  8800 | D:9      | Noticed Grum
  8828 | D:9      | Killed Grum
  8834 | D:9      | Acquired Okawaru's second power
  8834 | D:9      | Reached skill level 10 in Fighting
  8878 | D:9      | Reached skill level 12 in Maces & Flails
  9232 | D:9      | Received a gift from Okawaru
  9232 | D:9      | Reached skill level 5 in Armour
  9232 | D:9      | Reached skill level 5 in Shields
  9714 | D:9      | Reached XP level 11. HP: 72/72 MP: 9/9
 10016 | D:9      | Found a staircase to the Lair.
 10121 | D:9      | Noticed a salamander stormcaller
 10139 | D:9      | Killed a salamander stormcaller
 10139 | D:9      | Received a gift from Okawaru
 10152 | D:9      | Identified a +0 pair of boots of running (Okawaru gifted it to you on level 9 of the Dungeon)
 10432 | D:10     | Entered Level 10 of the Dungeon
 11169 | D:10     | Noticed a hill giant
 11177 | D:10     | Killed a hill giant
 11363 | D:11     | Noticed Josephine
 11395 | D:11     | Noticed Urug
 11406 | D:11     | Killed Urug
 11918 | D:11     | Killed Josephine
 11918 | D:11     | Received a gift from Okawaru
 11918 | D:11     | Reached XP level 12. HP: 77/77 MP: 10/10
 11938 | D:11     | Reached skill level 10 in Shields
 11972 | D:12     | Reached skill level 10 in Armour
 11991 | D:12     | Noticed Nessos
 12037 | D:12     | Killed Nessos
 12301 | D:12     | Found a staircase to the Orcish Mines.
 12431 | D:12     | You fall through a shaft for 2 floors!
 12460 | D:14     | Noticed a centaur warrior
 12511 | D:14     | Killed a centaur warrior
 12513 | D:14     | Received a gift from Okawaru
 13420 | Lair:1   | Entered Level 1 of the Lair of Beasts
 14526 | Lair:2   | Noticed Gastronok
 14547 | Lair:2   | Killed Gastronok
 14547 | Lair:2   | Reached XP level 13. HP: 45/82 MP: 11/11
 14691 | Lair:1   | Got an ebony morningstar
 14692 | Lair:1   | Identified the cursed +3 morningstar of Attainder {venom, rF++ rN+} (You found it on level 1 of the Lair of Beasts)
 15088 | Lair:2   | Received a gift from Okawaru
 15799 | Lair:3   | Received a gift from Okawaru
 15956 | Lair:3   | Reached skill level 13 in Shields
 16571 | Lair:4   | Reached skill level 14 in Shields
 17416 | Lair:5   | Received a gift from Okawaru
 17645 | Lair:5   | Reached skill level 15 in Shields
 17954 | Lair:6   | Found a hole to the Spider Nest.
 17998 | Lair:6   | Reached skill level 1 in Invocations
 18182 | Lair:6   | Gained mutation: Your large and strong wings let you fly indefinitely. [Gargoyle growth]
 18182 | Lair:6   | Reached XP level 14. HP: 88/88 MP: 14/14
 18292 | Lair:6   | Received a gift from Okawaru
 18321 | Lair:6   | Got a jewelled ring mail {god gift}
 18332 | Lair:6   | Identified the +3 ring mail of Oblivion {rC+} (Okawaru gifted it to you on level 6 of the Lair of Beasts)
 18400 | Lair:6   | Reached skill level 5 in Invocations
 18401 | Lair:6   | Found a staircase to the Snake Pit.
 18513 | Lair:6   | Found a staircase to the Shoals.
 18813 | Lair:7   | Found a viscous altar of Jiyva.
 18814 | Lair:7   | Found a staircase to the Slime Pits.
 19200 | Lair:7   | Found a frozen archway.
 19262 | IceCv    | Entered an ice cave
 19709 | IceCv    | Got a slimy buckler
 19832 | Lair:7   | Reached skill level 1 in Evocations
 19943 | Lair:7   | Identified the +3 buckler of True Grit {Dex+7} (You found it in an ice cave)
 20418 | Lair:8   | Entered Level 8 of the Lair of Beasts
 20507 | Lair:8   | Received a gift from Okawaru
 20649 | Lair:8   | Noticed Maud
 20664 | Lair:8   | Killed Maud
 20883 | Lair:8   | Found a deep blue altar of Sif Muna.
 20899 | Lair:8   | Received a gift from Okawaru
 21105 | Lair:8   | Reached skill level 5 in Evocations
 21105 | Lair:8   | Reached XP level 15. HP: 61/97 MP: 18/18
 21272 | Lair:8   | Found a burning altar of Makhleb.
 21314 | Lair:8   | Received a gift from Okawaru
 21395 | Lair:8   | Found a gateway to Hell.
 21403 | Lair:8   | Got a scorched silver ring
 21408 | Lair:8   | Identified the ring "Asamoil" {+Inv rC- MR+ Stlth+} (You found it on level 8 of the Lair of Beasts)
 22359 | D:8      | Killed a griffon
 22365 | D:8      | Killed a griffon
 22796 | Snake:1  | Entered Level 1 of the Snake Pit
 23210 | Snake:1  | Found an opulent altar of Gozag.
 23509 | Snake:1  | Received a gift from Okawaru
 23979 | Snake:2  | Reached XP level 16. HP: 60/105 MP: 19/19
 24547 | Snake:2  | Noticed Aizul
 24565 | Snake:2  | Killed Aizul
 24702 | Snake:2  | Received a gift from Okawaru
 25137 | Snake:2  | Found Hommarel's Antique Armour Emporium.
 25991 | Snake:3  | Identified a scroll of acquirement
 25993 | Snake:3  | Got a pair of heavily runed gloves
 26004 | Snake:3  | Identified the +0 pair of gloves of Cunoaq {rElec Str+2} (You acquired it on level 3 of the Snake Pit)
 26191 | Snake:3  | Received a gift from Okawaru
 26417 | Snake:4  | Entered Level 4 of the Snake Pit
 26485 | Snake:4  | Noticed Vashnia
 26501 | Snake:4  | Reached skill level 15 in Fighting
 26575 | Snake:4  | Killed Vashnia
 26575 | Snake:4  | Reached skill level 15 in Maces & Flails
 26575 | Snake:4  | Reached XP level 17. HP: 62/113 MP: 17/20
 26689 | Snake:4  | Found Zadakarekk's Weapon Shoppe.
 26701 | Snake:4  | HP: 4/113 [salamander/enchanted trident (11)]
 26710 | Snake:4  | Received a gift from Okawaru
 26720 | Snake:4  | Got a dazzling flail {god gift}
 26721 | Snake:4  | Identified the +0 flail of the Sybil {freeze, *Confuse Str+3 Int+3 Dex+10} (Okawaru gifted it to you on level 4 of the Snake Pit)
 26961 | Snake:4  | Bought the +11 morningstar of Untimely Demise {vamp, Dex+3} for 1766 gold pieces
 27224 | Snake:4  | Reached skill level 16 in Maces & Flails
 27230 | Snake:4  | Received a gift from Okawaru
 27509 | Snake:4  | Got a serpentine rune of Zot
 27685 | Snake:4  | Found Kocob's Book Emporium.
 28018 | Snake:4  | Found Giteriar's Armour Emporium.
 28686 | Orc:1    | Entered Level 1 of the Orcish Mines
 28727 | Orc:1    | Found Hiach's Food Boutique.
 28773 | Orc:1    | Found a roughly hewn altar of Beogh.
 29160 | Orc:2    | Received a gift from Okawaru
 29167 | Orc:2    | Reached XP level 18. HP: 106/122 MP: 21/21
 29721 | Orc:4    | Entered Level 4 of the Orcish Mines
 30075 | Orc:4    | Reached skill level 17 in Fighting
 30077 | Orc:4    | Found a roughly hewn altar of Beogh.
 30077 | Orc:4    | Found Cown's Book Shop.
 30118 | Orc:4    | Found a staircase to the Elven Halls.
 30162 | Orc:4    | HP: 3/123 [orc sorcerer/bolt of fire (30)]
 30170 | Orc:4    | Killed from afar by an orc high priest

Vault maps used:
D:1:      eino_arrival_water_star, lexackson_kobold_supper
D:2:      okawaru_altar_gauntlet_db, ecumenical_altar_2, bloody_trog
D:3:      nicolae_overflow_crystal_walls
D:4:      grunt_temple_overflow_diamond, gup_sewer_entry_spiral, first_bread,
          uniq_natasha, uniq_crazy_yiuf_cottage
D:5:      temple_statues
D:6:      tso_metal_star, uniq_pikel
D:7:      overflow_temple_1_default, lightli_ossuary_entry_decrepit_ruins,
          serial_shops, nicolae_shop_behind_doors, grunt_ogre_cave
D:8:      lemuel_bear_cage, lemuel_doored_altar, uniq_psyche
D:9:      grunt_lair_entry_elf_guard_hut, minmay_hollow_rounded_squares,
          uniq_grum
D:11:     uniq_josephine, uniq_urug
D:12:     orc_0_dummy, uniq_nessos
D:13:     david_vaults_1
D:14:     minmay_misc_feat_diagonals, tgw_sif
Temple:   bh_familiar_temple
Lair:2:   lab_entry_generic, infiniplex_staircase_pool_2, uniq_gastronok
Lair:3:   bh_autumn_forest_stairs, grunt_megastairs_3, lemuel_fruit_fields,
          lemuel_fruit_tree, serial_bayou_shore_b
Lair:5:   serial_bayou_pond_a, nicolae_quartered_pool_medium
Lair:6:   minmay_shoals_entry_beasts, guppyfry_snake_entry_island,
          spider_nest_entry_web_field, grunt_megastairs_4
Lair:7:   slime_altar_1, portal_ice_cave_entry_imps
Lair:8:   evil_forest, basic_altar, st_stairs_9, uniq_maud
Snake:1:  serial_bayou_ford_a, abandoned_shop, lemuel_oklob_altar
Snake:2:  serial_shops, nicolae_shop_statue_plus, uniq_aizul
Snake:3:  eino_curves_01, st_stairs_9
Snake:4:  grunt_snake_rune_serpentine_throne, serial_shops, shop, shop, shop,
          uniq_vashnia
Orc:1:    basic_altar, serial_shops, nicolae_shop_temple_entry_statues_fountains
Orc:3:    nicolae_orc_pool_cavern
Orc:4:    grunt_orc_cross, serial_shops, shop_fountains
Sewer:    kennysheep_pipe_town
Ossuary:  ossuary_tomb_3
IceCv:    ice_cave_tombish

Action                   |  1- 3 |  4- 6 |  7- 9 | 10-12 | 13-15 | 16-18 || total
-------------------------+-------+-------+-------+-------+-------+-------++-------
Melee: Flail             |   277 |   296 |   311 |       |       |       ||   884
       Demon whip        |       |       |    48 |   806 |  1570 |   796 ||  3220
       Mace              |       |       |    40 |       |       |       ||    40
       Morningstar       |       |       |       |       |       |   474 ||   474
       Eveningstar       |       |       |       |       |       |    26 ||    26
 Fire: Blowgun           |       |       |       |     7 |       |       ||     7
Invok: Heroism           |       |       |     1 |     2 |     5 |     4 ||    12
       Finesse           |       |       |       |       |     1 |     3 ||     4
 Abil: Fly               |       |       |       |       |     1 |       ||     1
       Stop Flying       |       |       |       |       |     1 |       ||     1
  Use: Scroll            |       |    11 |     1 |    10 |    11 |     8 ||    41
       Potion            |       |     1 |       |     2 |     1 |    10 ||    14
 Stab: Invisible         |       |       |     3 |       |       |     2 ||     5
  Eat: Chunk             |     1 |     9 |    12 |    20 |    25 |    11 ||    78
       Pizza             |       |     1 |       |       |       |       ||     1
       Beef jerky        |       |     1 |       |       |       |       ||     1
       Fruit             |       |       |       |       |     6 |     7 ||    13
       Meat ration       |       |       |       |       |       |     1 ||     1
       Royal jelly       |       |       |       |       |       |     1 ||     1
